 Dungeon Crawl Stone Soup version 0.31-a0-986-g5e6e4ef867 (webtiles) character file.

Game seed: 18340843254913509193

33 lunkers the Cudgeller (level 3, -1/33 HPs)
             Began as a Meteoran Fighter on Nov 20, 2023.
             Slain by a gnoll
             ... wielding a +0 flail
              (7 damage)
             ... on level 1 of the Dungeon.
             The game lasted 00:01:25 (433 turns).

lunkers the Cudgeller (Meteoran Fighter)             Turns: 433, Time: 00:01:26

Health: -1/33      AC:  6    Str: 17    XL:     3   Next: 70%
Magic:  4/4        EV:  9    Int: 10    God:
Gold:   63         SH:  5    Dex: 15    Spells: 2/2 levels left

rFire   . . .        a - +0 flail
rCold   . . .        c - +0 buckler
rNeg    . . .        b - +0 scale mail
rPois   .            (no helmet)
rElec   .            (no cloak)
rCorr   .            (no gloves)
SInv    .            (no boots)
Will    +....        (no amulet) Stlth
                     g - ring of willpower
HPRegen 0.25/turn    (no ring)
MPRegen 0.09/turn

%: no passive effects
@: glowing
A: sense surroundings 1, otherworldly, glowing, explore regen
a: no special abilities


You were on level 1 of the Dungeon.
You visited 1 branch of the dungeon, and saw 2 of its levels.

You collected 63 gold pieces.

Inventory:

Hand Weapons
 a - a +0 flail (weapon)
Armour
 b - a +0 scale mail (worn)
 c - a +0 buckler (worn)
Jewellery
 g - a ring of willpower (left hand)
Scrolls
 e - a scroll of fear {unknown}
 f - a scroll of identify {unknown}
 i - a scroll of noise {unknown}
Potions
 d - a potion of might
 h - a potion of attraction {unknown}
 j - a potion of lignification {unknown}


   Skills:
 + Level 3.6 Fighting
 * Level 3.9 Maces & Flails
 - Level 3.2 Armour
 + Level 1.3 Dodging
 - Level 3.2 Shields


You had 2 spell levels left.
You didn't know any spells.
Your spell library was empty.

Dungeon Overview and Level Annotations

Branches:
Dungeon (2/15) Zot: 745

Altars:


Innate Abilities, Weirdness & Mutations

You passively map a small area around you.
You are easily found by Zot.
You glow in the dark.
You regain HP and MP as you explore.


Message History

The adder bites you but does no damage. You block the adder's attack.
You hit the adder but do no damage.
You feel sick. The adder barely misses you.
You completely miss the adder.
You feel sick. The adder completely misses you. You block the adder's attack.
Unknown command.
You sock the adder!
The adder is severely wounded.
You feel sick. You block the adder's attack.
The adder bites you but does no damage.
You closely miss the adder.
The adder is severely wounded.
You feel sick.
You are no longer poisoned.
The adder completely misses you.
You hit the adder.
You kill the adder!
There is a stone staircase leading up here.
A gnoll comes into view. It is wielding a +0 spear.
The gnoll shouts!
You hear a shout!
A gnoll is nearby!
You are too injured to fight recklessly! 2 gnolls come into view.
Found a dagger.
The gnoll shouts! x2
A gnoll comes into view. It is wielding a +0 whip.
The gnoll shouts!
The gnoll closely misses you. The gnoll hits you with a +0 flail!
* * * LOW HITPOINT WARNING * * *
The gnoll attacks as it pursues you! You block the gnoll's attack.
You block the gnoll's attack. The gnoll attacks as it pursues you!
The gnoll hits you but does no damage.
There is a stone staircase leading up here.
You climb upwards.
There is a stone staircase leading down here.
Unknown command.
You hit the gnoll but do no damage. The gnoll hits you with a +0 flail!
* * * LOW HITPOINT WARNING * * *
The gnoll hits you with a +0 flail!
You die...

...#≈≈≈#≈§§#≈≈§#
,* .P.#
#§≈≈#§≈≈#..
P.##,, #.,
#...#.., , #'# ,
, ,,,#.# #.##,,
* #.. , ...#
#.#### ...# ,,
,,#.... ,
#'###+##.. , ,
#..## **
#......... #@g.#
........## #.###
...###### ..#*
#### * *.... *
** * , ##### * ,
, * * *, * * * *


You could see a gnoll.

Vanquished Creatures
  An adder (D:2)
  A dart slug (D:1)
  A ball python (D:1)
  5 endoplasms
  2 goblins (D:1)
  A hobgoblin (D:1)
  2 kobolds (D:1)
  3 bats
  2 frilled lizards
  4 rats (D:1)
22 creatures vanquished.

Notes
Turn   | Place    | Note
-------+----------+-------------------------------------------
     0 | D:1      | lunkers the Meteoran Fighter began the quest for the Orb.
     0 | D:1      | Reached XP level 1. HP: 19/19 MP: 2/2
    76 | D:1      | Reached XP level 2. HP: 26/26 MP: 3/3
   175 | D:1      | Reached skill level 1 in Dodging
   178 | D:1      | Reached XP level 3. HP: 31/31 MP: 4/4
   433 | D:1      | Slain by a gnoll

Illustrated notes

Levels and vault maps discovered:
D:1:      dpeg_arrival_water_fire, layout_basic
D:2:      layout_rooms, due_unseen_surprise

Skill      XL: |  1  2 |
---------------+-------+-----
Maces & Flails | 3 |  3.9
Dodging        | 1 |  1.3
Fighting       | |  3.6
Armour         | |  3.2
Shields        | |  3.2

Action                     || total
---------------------------++-------
  Melee: Flail             ||    56
 Armour: Scale mail        ||    39
  Dodge: Dodged            ||    27
  Block: Buckler           ||    15

Table legend: (Time is in decaauts)
 A = Elapsed time spent in this place.
 B = Non-inter-level travel time spent in this place.
 C = Inter-level travel time spent in this place.
 D = Time resting spent in this place.
 E = Time spent auto-exploring this place.
 F = Levels seen in this place.
 G = Mean time per level.
                   A        B        C        D        E       F      G
               +--------+--------+--------+--------+--------+-----+--------+
         Total |    453 |    453 |      0 |      0 |    293 |   2 |  226.5 |
       Dungeon |    453 |    453 |      0 |      0 |    293 |   2 |  226.5 |
               +--------+--------+--------+--------+--------+-----+--------+

Top non-repeatable levels by time:
     D:1: 322 daAuts
     D:2: 130 daAuts
